 Dungeon Crawl Stone Soup version 0.19.1-1-g22dce08 (webtiles) character file.

132 Lennu the Cudgeler (level 5, 0/55 HPs)
             Began as an Ogre Monk on Jan 3, 2017.
             Killed by nerve-wracking pain
             ... invoked by an orc priest
              (14 damage)
             ... on level 3 of the Dungeon.
             The game lasted 00:23:56 (2492 turns).

Lennu the Cudgeler (Ogre Monk)                      Turns: 2492, Time: 00:23:57

Health: 0/55       AC:  3    Str: 17    XL:     5   Next: 15%
Magic:  5/5        EV: 11    Int:  9    God:
Gold:   162        SH:  0    Dex: 12    Spells: 0 memorised, 4 levels left

rFire  . . .     SeeInvis .     a - +0 mace
rCold  . . .     Gourm    +     b - +0 robe
rNeg   . . .     Faith    .     (no shield)
rPois  +         Spirit   .     (helmet restricted)
rElec  .         Reflect  .     (no cloak)
rCorr  .         Harm     .     (gloves unavailable)
MR     .....                    (boots unavailable)
Stlth  ++........               m - amulet of the gourmand
                                (no ring)
                                l - ring of poison resistance

@: no status effects
A: unfitting armour, tough skin 1
a: no special abilities


You were on level 3 of the Dungeon.
You were completely stuffed.

You visited 1 branch of the dungeon, and saw 3 of its levels.

You collected 162 gold pieces.

Inventory:

Hand Weapons
 a - a +0 mace (weapon)
 h - a +0 club
Missiles
 s - 2 tomahawks (quivered)
Armour
 b - a +0 robe (worn)
Jewellery
 l - a ring of poison resistance (left hand)
 m - an amulet of the gourmand (around neck)
Scrolls
 d - a scroll of teleportation {unknown}
 g - 4 scrolls of identify
 i - 5 scrolls of remove curse
 j - 2 scrolls of noise
 k - a scroll of recharging
 p - a scroll of fog {unknown}
Potions
 e - a potion of haste
 o - a potion of cure mutation
Comestibles
 c - 3 bread rations
 f - 4 fruits
 q - 4 chunks of flesh


   Skills:
 * Level 4.7 Fighting
 * Level 5.3 Maces & Flails
 * Level 1.1 Throwing
 * Level 0.7 Armour
 * Level 3.6 Dodging
 + Level 1.6 Stealth


You had 4 spell levels left.
You didn't know any spells.

Dungeon Overview and Level Annotations

Branches:
Dungeon (3/15)

Altars:
Xom


Innate Abilities, Weirdness & Mutations

You are too large for most types of armour.
You have tough skin. (AC +1)


Message History

The orc priest is moderately wounded.
The orc priest hits you with a flail!
You hit the orc priest but do no damage.
The orc priest is moderately wounded.
The orc priest barely misses you.
You barely miss the orc priest.
The orc priest is moderately wounded.
The orc priest hits you with a flail.
You barely miss the orc priest.
The orc priest is moderately wounded.
The orc priest hits you with a flail.
You barely miss the orc priest.
The orc priest is moderately wounded.
The orc priest hits you with a flail.
* * * LOW HITPOINT WARNING * * *
You hit the orc priest.
The orc priest is heavily wounded.
The orc priest mumbles some strange prayers to Beogh against you.
Pain shoots through your body!
You die...

#..#######..
......(.(.#
#..........#
#.......
#..#######.#
#(.(# #>.# #.#
#.))# #.(#
##.## #o).#
...# ##.#.##
#.).# ##.#
##.###.## #.).#
#.# ##.##
##.####...# #.#
#.## ##..@o)..#
#.# ##.##
##.####........
#.#####.###.##
#........
#........#..#
##....##.
#########.###
####.# ### .# #


You could see an orc priest.

Vanquished Creatures
  3 adders (D:2)
  An ooze (D:1)
  4 worms
  2 dart slugs (D:1)
  2 leopard geckos
  12 orcs (D:3)
  6 bats
  2 giant cockroaches (D:2)
  7 goblins
  5 hobgoblins
  9 jackals
  7 kobolds (D:2)
  A quokka (D:3)
  7 frilled lizards
  2 rats
70 creatures vanquished.

Notes
Turn   | Place    | Note
-------+----------+-------------------------------------------
     0 | D:1      | Lennu the Ogre Monk began the quest for the Orb.
     0 | D:1      | Reached XP level 1. HP: 24/24 MP: 1/1
   224 | D:1      | Reached XP level 2. HP: 32/32 MP: 2/2
   553 | D:1      | Reached XP level 3. HP: 38/39 MP: 3/3
  1277 | D:2      | Reached XP level 4. HP: 22/49 MP: 4/4
  1665 | D:2      | Reached skill level 5 in Maces & Flails
  2008 | D:2      | Reached skill level 1 in Throwing
  2051 | D:3      | Found a shimmering altar of Xom.
  2051 | D:3      | Found a shimmering altar of Xom.
  2051 | D:3      | Found a shimmering altar of Xom.
  2051 | D:3      | Found a shimmering altar of Xom.
  2059 | D:3      | Found a shimmering altar of Xom.
  2059 | D:3      | Found a shimmering altar of Xom.
  2065 | D:3      | Found a shimmering altar of Xom.
  2218 | D:3      | Reached XP level 5. HP: 27/55 MP: 5/5
  2492 | D:3      | Killed from afar by an orc priest

Skill      XL: |  1  2  3  4 |
---------------+-------------+-----
Dodging        | 3 |  3.6
Maces & Flails | 5 |  5.3
Throwing       | 1 |  1.1
Fighting       | |  4.7
Armour         | |  0.7
Stealth        | |  1.6

Action                   |  1- 3 |  4- 6 || total
-------------------------+-------+-------++-------
Melee: Mace              |   127 |   122 ||   249
Throw: Stone             |     5 |    31 ||    36
       Tomahawk          |       |     2 ||     2
  Use: Potion            |     2 |     1 ||     3
       Scroll            |     4 |     2 ||     6
 Stab: Sleeping          |     2 |     3 ||     5
       Distracted        |       |     1 ||     1
  Eat: Chunk             |     1 |    17 ||    18
Armor: Robe              |    40 |    22 ||    62
Dodge: Dodged            |    94 |    56 ||   150
